 Dungeon Crawl Stone Soup version 0.19-a0-1908-g43c011f (webtiles) character file.

89406 motkustreak2 the Bludgeoner (level 15, -3/184 HPs)
             Began as an Ogre Berserker on Oct 21, 2016.
             Was the Champion of Trog.
             Slain by a shock serpent (6 damage)
             ... on level 2 of the Snake Pit on Oct 22, 2016.
             The game lasted 01:18:53 (25590 turns).

motkustreak2 the Bludgeoner (Ogre Berserker)       Turns: 25590, Time: 01:18:53

Health: -3/184     AC:  7    Str: 32    XL:     15   Next: 97%
Magic:  0/21       EV: 20    Int:  6    God:    Trog [******]
Gold:   1552       SH:  0    Dex: 14    Spells: 0 memorised, 14 levels left

rFire  + . .     SeeInvis .     s - +5 giant spiked club of Fosoa {flame, *Contam rPois Str+6}
rCold  + . .     Gourm    .     w - +2 robe {rF+}
rNeg   . . .     Faith    .     (shield currently unavailable)
rPois  +         Spirit   +     S - +1 hat
rElec  .         Reflect  .     (no cloak)
rCorr  .         Harm     .     (gloves unavailable)
MR     +....                    (boots unavailable)
Stlth  +++.......               J - amulet of guardian spirit
                                z - ring of protection from cold
                                g - +3 ring of evasion

@: no status effects
A: unfitting armour, rugged brown scales 1, blink, tough skin 1, no device heal
1
a: Blink, Berserk, Trog's Hand, Brothers in Arms, Burn Spellbooks, Renounce
Religion


You were on level 2 of the Snake Pit.
You worshipped Trog.
Trog was exalted by your worship.
You were not hungry.

You visited 4 branches of the dungeon, and saw 21 of its levels.
You also visited: Volcano.

You collected 2474 gold pieces.
You spent 922 gold pieces at shops.

Inventory:

Hand Weapons
 s - the +5 giant spiked club of Fosoa (weapon) {flame, *Contam rPois Str+6}
   (Trog gifted it to you on level 2 of the Orcish Mines)

   It has been specially enchanted to burn those struck by it, causing extra
   injury to most foes and up to half again as much damage against particularly
   susceptible opponents.
   It affects your strength (+6).
   It protects you from poison.
   It causes magical contamination when unequipped.
 G - a +2 dire flail of venom
 K - the +4 giant club "Vabag" {freeze, +Inv rElec}
   (Trog gifted it to you on level 10 of the Dungeon)

   It has been specially enchanted to freeze those struck by it, causing extra
   injury to most foes and up to half again as much damage against particularly
   susceptible opponents.
   It can also slow down cold-blooded creatures.
   It insulates you from electricity.
   It lets you turn invisible.
 W - a +2 morningstar of freezing
Missiles
 Y - 2 large rocks (quivered)
Armour
 w - a +2 robe of fire resistance (worn)
 S - a +1 hat (worn)
Jewellery
 d - an uncursed ring of flight
 g - a +3 ring of evasion (left hand)
 z - a ring of protection from cold (right hand)
 C - an uncursed ring of stealth
 J - an amulet of guardian spirit (around neck)
Wands
 b - a wand of disintegration (17/24)
 j - a wand of teleportation (4/9)
 q - a wand of teleportation (2/9)
 u - a wand of digging (9/24)
 E - a wand of iceblast (7/15)
 H - a wand of polymorph (20/24)
 T - a wand of digging (11/24)
Scrolls
 f - a scroll of teleportation
 h - 2 scrolls of fear {unknown}
 k - 9 scrolls of recharging
 m - 3 scrolls of magic mapping
 p - 7 scrolls of enchant weapon
 v - 2 scrolls of identify
 y - 2 scrolls of holy word
 L - 3 scrolls of enchant armour
 P - 5 scrolls of remove curse
Potions
 a - 4 potions of curing
 e - a potion of degeneration {unknown}
 i - 4 potions of might
 n - 5 potions of brilliance
 o - a potion of heal wounds {unknown}
 r - 3 potions of mutation
 x - 2 potions of invisibility
 A - a potion of flight {unknown}
 B - 4 potions of agility
 D - 6 potions of berserk rage
 F - a potion of magic {unknown}
 M - 4 potions of cure mutation
 Q - a potion of cancellation
 V - 2 potions of haste {unknown}
Miscellaneous
 I - a fan of gales
Comestibles
 c - 8 bread rations
 l - 9 meat rations
 t - 8 fruits
 N - a chunk of flesh


   Skills:
 + Level 18.8 Fighting
 + Level 19.4 Maces & Flails
 + Level 5.3 Throwing
 + Level 12.0 Dodging
 - Level 4.0 Stealth
 - Level 8.0 Evocations


You had 14 spell levels left.
You didn't know any spells.

Dungeon Overview and Level Annotations

Branches:
Dungeon (11/15)            Temple (0/1) D:5            Lair (6/6) D:11
 Shoals (0/4) Lair:4        Snake (2/4) Lair:2        Slime (0/5) Lair:6
    Orc (2/2) D:11            Elf (0/3) Orc:2

Altars:
Ashenzari
Cheibriados
Dithmenos
Fedhas
Gozag
Kikubaaqudgha
Makhleb
Nemelex Xobeh
Okawaru
Ru
Uskayaw
Vehumet
Xom
Beogh
Jiyva

Shops:
Orc:2 (:*[   Snake:2 *


Innate Abilities, Weirdness & Mutations

You are too large for most types of armour.
You have tough skin. (AC +1)
You are partially covered in rugged brown scales. (AC +1, +3% HP)
You can translocate small distances at will.
Potions and wands are less effective at restoring your health.


Message History

The bolt of electricity hits you!
* * * LOW HITPOINT WARNING * * *
Okay, then.
Throwing (i - inventory):
Y - 4 large rocks (quivered)
Press: ? - help, Shift-Dir - straight line, f/p - shock serpent
Aim: a shock serpent (almost dead)
You throw a large rock.
The large rock closely misses the shock serpent.
The shock serpent shoots out a bolt of lightning at you!
The bolt of electricity hits you!
* * * LOW HITPOINT WARNING * * *
The shock serpent shoots out a bolt of lightning at you!
The bolt of electricity misses you.
Throwing (i - inventory):
Y - 3 large rocks (quivered)
Press: ? - help, Shift-Dir - straight line, f/p - shock serpent
Aim: a shock serpent (severely wounded)
You throw a large rock.
The large rock misses the shock serpent.
The shock serpent bites you!
You die...

##P≈≈≈≈.≈.P..#
##....≈≈≈♣≈≈♣.#####
######..≈≈≈≈≈≈≈≈.≈..#..
##....†.P.≈P≈≈≈≈≈≈≈..#. ..
.'.......P.≈≈♣≈≈≈≈S....... ..
##.....>..S≈S≈≈.≈≈P...##.# .#
#..[.....#P....#P#.#.##.####.###
##.....(.####.#####.#..#.........
.........# #...@S.^...(.........
#........# #######.((.........##
.........# #.#.#..........
#........##########.#....÷....<..
......#####.......#.#.)..........
...#### #......................
#.## #................##.### #.#
#................##.###
#.#########.........<....#.##....


You could see a shock serpent.

Vanquished Creatures
  Kirke (Snake:1)
  An orc warlord (Orc:2)
  Aizul (Snake:1)
  A red draconian (Volcano)
  An ice dragon (Lair:4)
  3 hydras
  3 naga warriors (Snake:2)
  A merfolk avatar (Lair:6)
  An anaconda (Snake:2)
  An ogre mage (Volcano)
  An orc high priest (Orc:2)
  10 death yaks
  3 naga sharpshooters
  Sonja (Lair:2)
  4 shock serpents
  A salamander mystic (Snake:2)
  2 sea snakes
  A naga ritualist (Snake:1)
  A lindwurm (Lair:5)
  4 harpies (Lair:6)
  3 orc knights (Orc:2)
  A cyclops (D:11)
  2 ugly things (D:11)
  5 orc sorcerers (Orc:2)
  5 mana vipers
  2 manticores (D:11)
  8 salamanders
  8 elephants
  18 black mambas
  7 naga magi
  2 molten gargoyles (Volcano)
  7 spiny frogs
  11 komodo dragons
  6 rime drakes
  2 wind drakes (Lair:6)
  6 polar bears
  A queen bee (D:10)
  6 two-headed ogres
  Prince Ribbit (D:6)
  3 trolls
  3 hornets (Lair:6)
  13 blink frogs
  6 hippogriffs
  7 dream sheep (Lair:6)
  7 wyverns
  52 yaks
  3 hogs (Snake:1)
  A basilisk (Lair:1)
  4 hungry ghosts
  14 nagas
  5 wargs
  12 porcupines
  10 water moccasins
  9 ice beasts
  A sky beast (D:10)
  23 orc warriors
  A necrophage (D:10)
  10 ogres
  2 eyes of draining
  7 centaurs
  11 wolves (Lair:6)
  16 crocodiles
  Blork the orc (D:4)
  2 big kobolds
  15 bullfrogs
  A gnoll sergeant (D:10)
  A scorpion (D:11)
  A wyvern skeleton (D:4)
  18 killer bees
  The ghost of p0werm0de the Sneak, a weakling DsAs (D:3)
  4 wights (D:11)
  3 howler monkeys (D:7)
  An electric eel (Snake:2)
  2 lava snakes (Volcano)
  3 crimson imps
  A bullfrog zombie (D:8)
  A quasit (D:10)
  20 orc priests
  A gnoll shaman (D:9)
  5 hounds
  2 centaur skeletons
  2 bullfrog skeletons
  Terence (D:3)
  5 iguanas
  20 orc wizards
  8 worker ants
  A hound zombie (D:10)
  A hound skeleton (D:5)
  A worker ant zombie (D:9)
  18 gnolls
  12 adders
  3 shadow imps
  3 white imps (Lair:4)
  An ooze (D:1)
  An adder skeleton (D:4)
  An adder zombie (D:9)
  2 dart slugs
  5 leopard geckos
  66 orcs
  6 bats
  5 giant cockroaches
  12 goblins
  10 hobgoblins
  6 jackals
  5 quokkas
  8 ball pythons
  5 frilled lizards
  A jackal skeleton (D:3)
  18 kobolds
  A leopard gecko skeleton (D:4)
  6 rats
  3 plants
683 creatures vanquished.

Vanquished Creatures (others)
  4 humans (Snake:1)
  12 fungi
  43 plants
59 creatures vanquished.

Grand Total: 742 creatures vanquished

Notes
Turn   | Place    | Note
-------+----------+-------------------------------------------
     0 | D:1      | motkustreak2 the Ogre Berserker began the quest for the Orb.
     0 | D:1      | Reached XP level 1. HP: 24/24 MP: 1/1
    66 | D:1      | Reached XP level 2. HP: 25/33 MP: 2/2
   413 | D:1      | Reached XP level 3. HP: 33/41 MP: 3/3
   554 | D:1      | Reached skill level 5 in Fighting
   856 | D:2      | Reached ** piety under Trog
   898 | D:2      | Reached skill level 5 in Maces & Flails
  1100 | D:2      | Reached XP level 4. HP: 48/50 MP: 4/4
  1985 | D:3      | Reached skill level 6 in Maces & Flails
  1985 | D:3      | Reached XP level 5. HP: 59/59 MP: 5/5
  1986 | D:3      | Noticed p0werm0de's ghost (weakling DsAs)
  2170 | D:3      | Reached *** piety under Trog
  2409 | D:3      | Killed p0werm0de's ghost
  2616 | D:3      | Noticed Terence
  2622 | D:3      | Killed Terence
  2622 | D:3      | Reached skill level 7 in Maces & Flails
  2622 | D:3      | Reached XP level 6. HP: 68/68 MP: 6/6
  3130 | D:4      | Found an opulent altar of Gozag.
  3270 | D:4      | Reached skill level 8 in Maces & Flails
  3270 | D:4      | Reached XP level 7. HP: 55/78 MP: 7/7
  3732 | D:4      | Noticed Blork the orc
  3738 | D:4      | Reached skill level 9 in Maces & Flails
  3748 | D:4      | Killed Blork the orc
  3994 | D:4      | Found a shimmering altar of Xom.
  4026 | D:4      | Found a hide-covered altar of Uskayaw.
  4026 | D:4      | Found a burning altar of Makhleb.
  4032 | D:4      | Found an iron altar of Okawaru.
  4032 | D:4      | Found a radiant altar of Vehumet.
  4032 | D:4      | Found a blossoming altar of Fedhas.
  4126 | D:5      | Entered Level 5 of the Dungeon
  4172 | D:5      | Reached XP level 8. HP: 88/88 MP: 8/8
  4491 | D:5      | Found a shadowy altar of Dithmenos.
  4634 | D:5      | Reached skill level 10 in Maces & Flails
  4647 | D:5      | Found a staircase to the Ecumenical Temple.
  5091 | D:6      | Reached **** piety under Trog
  5175 | D:6      | Found an iron altar of Okawaru.
  5250 | D:6      | Noticed Prince Ribbit
  5273 | D:6      | Killed Prince Ribbit
  5273 | D:6      | Reached skill level 11 in Maces & Flails
  5881 | D:6      | Reached skill level 12 in Maces & Flails
  5994 | D:7      | Reached XP level 9. HP: 98/98 MP: 9/9
  6813 | D:8      | Reached skill level 10 in Fighting
  6813 | D:8      | Reached skill level 13 in Maces & Flails
  7348 | D:8      | Found a shattered altar of Ashenzari.
  7355 | D:8      | Found a snail-covered altar of Cheibriados.
  7362 | D:8      | Found an ancient bone altar of Kikubaaqudgha.
  7369 | D:8      | Found a radiant altar of Vehumet.
  7376 | D:8      | Found a burning altar of Makhleb.
  7384 | D:8      | Found a sparkling altar of Nemelex Xobeh.
  7395 | D:8      | Found a sacrificial altar of Ru.
  7421 | D:8      | Reached ***** piety under Trog
  7597 | D:9      | Reached skill level 14 in Maces & Flails
  7691 | D:9      | Reached XP level 10. HP: 107/111 MP: 10/10
  8153 | D:9      | Reached skill level 15 in Maces & Flails
  8707 | D:10     | Entered Level 10 of the Dungeon
  9075 | D:10     | Reached skill level 16 in Maces & Flails
  9406 | D:10     | Received a gift from Trog
  9424 | D:10     | Reached XP level 11. HP: 82/124 MP: 11/11
  9437 | D:10     | Got a faintly glowing giant club {god gift}
  9438 | D:10     | Identified the +4 giant club "Vabag" {freeze, +Inv rElec} (Trog gifted it to you on level 10 of the Dungeon)
 10308 | D:11     | Found a staircase to the Lair.
 10433 | Lair:1   | Entered Level 1 of the Lair of Beasts
 10554 | Lair:1   | Reached skill level 5 in Dodging
 11592 | Lair:1   | Reached skill level 17 in Maces & Flails
 12380 | Lair:2   | Noticed Sonja
 12438 | Lair:2   | Found a staircase to the Snake Pit.
 12449 | Lair:2   | Killed Sonja
 12613 | Lair:2   | Reached XP level 12. HP: 139/139 MP: 12/12
 13379 | Lair:3   | Noticed a death yak
 13387 | Lair:3   | Noticed a death yak
 13395 | Lair:3   | Killed a death yak
 13602 | Lair:3   | Noticed a death yak
 13602 | Lair:3   | Noticed a death yak
 13602 | Lair:3   | Noticed a death yak
 13632 | Lair:3   | Killed a death yak
 13632 | Lair:3   | Reached skill level 18 in Maces & Flails
 13632 | Lair:3   | Reached skill level 1 in Evocations
 13638 | Lair:3   | Killed a death yak
 13646 | Lair:3   | Killed a death yak
 13650 | Lair:3   | Killed a death yak
 14646 | Lair:4   | Received a gift from Trog
 14669 | Lair:4   | Noticed an eight-headed hydra
 14677 | Lair:4   | Killed an eight-headed hydra
 14713 | Lair:4   | Found a dark tunnel.
 14723 | Volcano  | Entered a volcano
 14790 | Volcano  | Found a radiant altar of Vehumet.
 14790 | Volcano  | Noticed an ogre mage
 14800 | Volcano  | Killed an ogre mage
 14800 | Volcano  | Reached skill level 15 in Fighting
 14829 | Volcano  | Noticed a red draconian
 14835 | Volcano  | Killed a red draconian
 14970 | Lair:4   | Reached XP level 13. HP: 147/150 MP: 15/15
 15057 | Lair:4   | Found a staircase to the Shoals.
 15732 | Lair:4   | Noticed an ice dragon
 15744 | Lair:4   | Killed an ice dragon
 16071 | Lair:5   | Reached skill level 5 in Evocations
 17071 | Lair:6   | Entered Level 6 of the Lair of Beasts
 17427 | Lair:6   | Reached XP level 14. HP: 135/163 MP: 16/19
 17458 | Lair:6   | Paralysed by a hornet for 3 turns
 17471 | Lair:6   | Reached skill level 10 in Dodging
 17896 | Lair:6   | Received a gift from Trog
 18430 | Lair:6   | Found a viscous altar of Jiyva.
 18431 | Lair:6   | Found a staircase to the Slime Pits.
 18775 | Lair:6   | Upgraded the game from 0.19-a0-1907-gcff654f to 0.19-a0-1908-g43c011f
 19642 | D:11     | Found a staircase to the Orcish Mines.
 20068 | D:11     | Reached ****** piety under Trog
 20137 | Orc:1    | Entered Level 1 of the Orcish Mines
 20190 | Orc:1    | Reached skill level 1 in Throwing
 20330 | Orc:2    | Entered Level 2 of the Orcish Mines
 20362 | Orc:1    | Found a roughly hewn altar of Beogh.
 20620 | Orc:2    | Reached skill level 1 in Stealth
 20656 | Orc:2    | Noticed an orc warlord
 20677 | Orc:2    | Killed an orc warlord
 20683 | Orc:2    | Received a gift from Trog
 20695 | Orc:2    | Got a faintly glowing giant spiked club {god gift}
 20710 | Orc:2    | Identified the +5 giant spiked club of Fosoa {flame, *Contam rPois Str+6} (Trog gifted it to you on level 2 of the Orcish Mines)
 20866 | Orc:2    | Reached XP level 15. HP: 141/176 MP: 21/21
 21035 | Orc:2    | Found a roughly hewn altar of Beogh.
 21079 | Orc:2    | Found Xiyph's Book Shop.
 21094 | Orc:2    | Found Suichol's Antique Armour Shop.
 21110 | Orc:2    | Found a staircase to the Elven Halls.
 21120 | Orc:2    | Bought an embroidered hat for 250 gold pieces
 21205 | Orc:2    | Found a roughly hewn altar of Beogh.
 21334 | Orc:2    | Found Okhlydeg's General Store.
 21340 | Orc:2    | Bought a scroll of identify for 32 gold pieces
 21340 | Orc:2    | Bought a scroll of identify for 32 gold pieces
 21340 | Orc:2    | Bought a scroll of identify for 32 gold pieces
 21373 | Orc:2    | Gained mutation: You can translocate small distances at will. [potion of mutation]
 21373 | Orc:2    | Gained mutation: You are partially covered in rugged brown scales. (AC +1, +3% HP) [potion of mutation]
 21373 | Orc:2    | Gained mutation: Potions and wands are less effective at restoring your health. [potion of mutation]
 21465 | Orc:2    | Found Pydonomn's Antique Weapon Shop.
 21909 | Snake:1  | Entered Level 1 of the Snake Pit
 22918 | Snake:1  | Noticed Aizul
 22935 | Snake:1  | Killed Aizul
 23012 | Snake:1  | Noticed Kirke
 23250 | Snake:1  | Reached skill level 19 in Maces & Flails
 23375 | Snake:1  | Killed Kirke
 24279 | Snake:2  | Found Eliulora's Eclectic Emporium.
 24301 | Snake:2  | Bought a scroll of enchant weapon for 120 gold pieces
 24301 | Snake:2  | Bought a scroll of enchant armour for 120 gold pieces
 24301 | Snake:2  | Bought a +3 ring of evasion for 336 gold pieces
 24435 | Snake:2  | Received a gift from Trog
 24613 | Snake:2  | Reached skill level 5 in Throwing
 25589 | Snake:2  | HP: 3/184 [shock serpent/bolt of electricity (16)]
 25590 | Snake:2  | Slain by a shock serpent

Vault maps used:
D:1:      dpeg_arrival_houses_and_road
D:2:      serial_forest, infiniplex_forest_clump_double,
          infiniplex_forest_lined_4_way, infiniplex_forest_clump_C,
          infiniplex_forest_end_double, infiniplex_forest_lined_room_2,
          minmay_vboxes
D:3:      minmay_shallow_snake_nest, uniq_terence
D:4:      grunt_gozag_breadcrumbs, doesnt_xom_only_xom, uniq_blork_the_orc
D:5:      first_bread, grunt_dithmenos_smoke
D:6:      lemuel_tele_altar, uniq_prince_ribbit1
D:8:      grunt_temple_overflow_octagram
D:11:     david_lair_generic, orc_0_dummy
Lair:1:   grunt_megastairs_5
Lair:2:   guppyfry_snake_entry_garden, uniq_sonja
Lair:3:   grunt_megastairs_4
Lair:4:   minmay_shoals_entry_centaurs, nicolae_volcano_entry_hallway,
          bobbens_ice_dragon_lair
Lair:6:   gammafunk_lair_ancient_temple, slime_altar_1, grunt_megastairs_2
Snake:1:  kennysheep_six_static_rooms, lemuel_fruit_tree, uniq_aizul, uniq_kirke
Snake:2:  nicolae_snake_round_shape_thing, grunt_ministairs_2,
          serial_bayou_pond_a, nicolae_alphabet_shops, spider_trap,
          serial_bayou_pond_b, serial_bayou_shore_b
Orc:1:    basic_altar
Orc:2:    grunt_orc_cross, mines1_david
Volcano:  volcano_lake

Skill      XL: |  1  2  3  4  5  6  7  8  9 10 11 12 13 14 15 |
---------------+----------------------------------------------+-----
Fighting       | 5 6 7 9 10 12 14 15 16 18 | 18.8
Maces & Flails | 5 6 7 8 9 12 14 16 17 18 19 | 19.4
Dodging        | 3 6 8 9 11 12 | 12.0
Evocations     | 3 6 8 |  8.0
Throwing       | 2 5 |  5.3
Stealth        | 1 4 |  4.0

Action                   |  1- 3 |  4- 6 |  7- 9 | 10-12 | 13-15 || total
-------------------------+-------+-------+-------+-------+-------++-------
Melee: Mace              |    96 |   181 |       |       |       ||   277
       Flail             |       |    41 |    29 |       |       ||    70
       Whip              |       |       |   314 |   401 |       ||   715
       Giant club        |       |       |       |   153 |   520 ||   673
       Giant spiked club |       |       |       |       |   322 ||   322
Throw: Stone             |       |     4 |       |       |     2 ||     6
       Large rock        |       |       |       |       |     4 ||     4
Invok: Berserk           |     3 |    10 |     8 |    24 |    10 ||    55
       Trog's Hand       |       |       |     2 |     5 |     5 ||    12
       Burn Spellbooks   |       |       |       |     1 |       ||     1
 Abil: Evoke Flight      |       |       |       |     1 |       ||     1
  Use: Scroll            |       |     7 |     7 |    12 |    13 ||    39
       Potion            |       |       |       |       |     2 ||     2
 Stab: Sleeping          |     1 |       |       |       |     8 ||     9
  Eat: Chunk             |     4 |    14 |    23 |    31 |    37 ||   109
       Pizza             |       |     1 |     1 |     3 |       ||     5
       Beef jerky        |       |       |     2 |     2 |     1 ||     5
       Royal jelly       |       |       |       |     1 |       ||     1
       Fruit             |       |       |       |     3 |     4 ||     7
       Bread ration      |       |       |       |     1 |       ||     1
       Meat ration       |       |       |       |       |     1 ||     1
Armor: Animal skin       |    48 |    56 |    26 |    26 |       ||   156
       Robe              |       |       |       |       |    66 ||    66
Dodge: Dodged            |    40 |   108 |    98 |   154 |   499 ||   899
